 Dungeon Crawl Stone Soup version 0.19.1-1-g22dce08 (webtiles) character file.

157 markt42 the Cudgeler (level 5, -4/48 HPs)
             Began as a Gargoyle Monk on Jan 6, 2017.
             Slain by godfroggy's ghost (6 damage)
             ... on level 3 of the Dungeon.
             The game lasted 00:03:05 (2728 turns).

markt42 the Cudgeler (Gargoyle Monk)                Turns: 2728, Time: 00:03:06

Health: -4/48      AC: 18    Str: 20    XL:     5   Next: 38%
Magic:  5/5        EV:  6    Int: 11    God:
Gold:   63         SH:  0    Dex: 12    Spells: 0 memorised, 4 levels left

rFire  . . .     SeeInvis .     a - +0 mace
rCold  . . .     Gourm    .     i - +0 plate armour
rNeg   + . .     Faith    .     (no shield)
rPois  ∞         Spirit   .     o - +0 helmet
rElec  +         Reflect  .     (no cloak)
rCorr  .         Harm     .     e - +0 pair of gloves
MR     .....                    j - +0 pair of boots
Stlth  ..........               (no amulet)
                                (no ring)
                                (no ring)

@: berserking, very quick
A: negative energy resistance 1, electricity resistance, unbreathing,
petrification resistance, rot immunity, AC +4
a: no special abilities


You were on level 3 of the Dungeon.
You were not hungry.

You visited 1 branch of the dungeon, and saw 3 of its levels.

You collected 63 gold pieces.

Inventory:

Hand Weapons
 a - a +0 mace (weapon)
Armour
 e - a +0 pair of gloves (worn)
 i - a +0 plate armour (worn)
 j - a +0 pair of boots (worn)
 o - a +0 helmet (worn)
Wands
 q - a wand of flame (24/48)
Scrolls
 d - 2 scrolls of enchant weapon {unknown}
 g - 2 scrolls of blinking {unknown}
 h - a scroll of recharging {unknown}
 l - a scroll of enchant armour {unknown}
 m - 3 scrolls of identify {unknown}
 n - a scroll of remove curse {unknown}
Potions
 b - a potion of berserk rage
 f - 3 potions of curing {unknown}
 p - a potion of brilliance {unknown}
 r - a potion of lignification {unknown}
 s - a potion of haste {unknown}
Comestibles
 c - 3 bread rations
 k - 3 fruits
 t - 5 chunks of flesh


   Skills:
 + Level 3.5 Fighting
 * Level 4.9 Maces & Flails
 * Level 2.1 Armour
 + Level 2.7 Dodging
 + Level 2.5 Stealth


You had 4 spell levels left.
You didn't know any spells.

Dungeon Overview and Level Annotations

Branches:
Dungeon (3/15)

Altars:
Hepliaklqana
Okawaru

Annotations:
D:3 godfroggy's ghost, amateur MiMo


Innate Abilities, Weirdness & Mutations

You are resistant to torment.
Your stone body is resilient. (AC +4)
You are immune to poison.
You resist negative energy. (rN+)
You are resistant to electric shocks. (rElec)
You can survive without breathing.
You are immune to petrification.
You are immune to rotting.


Message History

Godfroggy's ghost hits you.
* * * LOW HITPOINT WARNING * * *
You are too injured to fight recklessly!
It was a potion of berserk rage.
A red film seems to cover your vision as you go berserk!
You feel yourself moving faster!
You feel mighty! Godfroggy's ghost hits you.
* * * LOW HITPOINT WARNING * * *
You closely miss godfroggy's ghost.
Godfroggy's ghost is severely damaged.
Godfroggy's ghost hits you but does no damage.
You closely miss godfroggy's ghost.
Godfroggy's ghost is severely damaged.
You hit godfroggy's ghost.
Godfroggy's ghost is severely damaged.
Godfroggy's ghost hits you.
* * * LOW HITPOINT WARNING * * *
You barely miss godfroggy's ghost.
Godfroggy's ghost is severely damaged.
Godfroggy's ghost hits you.
You die...

...###...#
#...#...##
#......#
####.#.#
#...#
......#.##
#####.#hs#
#.##W#
#.##@#
#.#..# #
## #..(##
.#
#####..##
.#
#......#
## .###
#......#
.# ...#
#......#
.# ..#
#......#
.##.#
#......#


You could see godfroggy's ghost, a jackal and a giant cockroach.

Vanquished Creatures
  Natasha (thrice) (D:2)
  An adder (D:2)
  An ooze (D:3)
  A worm (D:2)
  A dart slug (D:2)
  3 leopard geckos
  7 orcs (D:3)
  6 bats
  2 giant cockroaches
  5 goblins
  4 hobgoblins
  4 jackals (D:2)
  6 kobolds
  A quokka (D:3)
  4 frilled lizards
  5 rats
54 creatures vanquished.

Notes
Turn   | Place    | Note
-------+----------+-------------------------------------------
     0 | D:1      | markt42 the Gargoyle Monk began the quest for the Orb.
     0 | D:1      | Reached XP level 1. HP: 14/14 MP: 1/1
   354 | D:1      | Reached XP level 2. HP: 18/19 MP: 2/2
  1023 | D:2      | Reached XP level 3. HP: 23/23 MP: 3/3
  1090 | D:2      | Noticed Natasha
  1118 | D:2      | Killed Natasha
  1118 | D:2      | Reached skill level 4 in Maces & Flails
  1118 | D:2      | Reached skill level 1 in Armour
  1297 | D:2      | Noticed Natasha
  1306 | D:2      | Killed Natasha
  1306 | D:2      | Reached XP level 4. HP: 16/28 MP: 4/4
  1594 | D:2      | Noticed Natasha
  1603 | D:2      | Killed Natasha
  1603 | D:2      | Reached XP level 5. HP: 27/32 MP: 5/5
  1714 | D:2      | Found a faded altar of an unknown god.
  2216 | D:3      | Noticed godfroggy's ghost (amateur MiMo)
  2252 | D:3      | HP: 1/32 [godfroggy's ghost (6)]
  2652 | D:3      | Found a hazy altar of Hepliaklqana.
  2674 | D:3      | Found an iron altar of Okawaru.
  2727 | D:3      | HP: 2/48 [godfroggy's ghost (6)]
  2728 | D:3      | Slain by godfroggy's ghost

Skill      XL: |  1  2  3  4  5 |
---------------+----------------+-----
Maces & Flails | 4 |  4.9
Armour         | 1 2 |  2.1
Fighting       | |  3.5
Dodging        | |  2.7
Stealth        | |  2.5

Action                   |  1- 3 |  4- 6 || total
-------------------------+-------+-------++-------
Melee: Mace              |   119 |   195 ||   314
  Use: Potion            |       |     1 ||     1
 Stab: Sleeping          |     1 |       ||     1
  Eat: Chunk             |     1 |     5 ||     6
Armor: Robe              |     6 |       ||     6
       Plate armour      |    86 |   169 ||   255
Dodge: Dodged            |    50 |    70 ||   120
